Cogmind - Beta 14 @@@ ROGUE MODE // 2024.11.20 @ 01:30:26 Player: akira Result: Destroyed by Y-45 Defender with Heavy Assault Rifle Performance ------------- Evolutions (2) 1000 Regions Visited (4) 800 Robots Destroyed (54) 270 Value Destroyed (1805) 1805 Prototype IDs (0) 0 Alien Tech Used (0) 0 Bonus (0) 0 TOTAL SCORE: 3875 Bonus ------- None Cogmind --------- Core Integrity 0/550 Matter 300/300 Energy 100/100 System Corruption 0% Temperature Cool (0) Movement Core (50) Location -8/Materials Parts ------- > --- POWER (2) -------- (None) > --- PROPULSION (4) --- (None) > --- UTILITY (3) ------ (None) > --- WEAPON (2) ------- (None) > --- INVENTORY (5) ---- Improved Signal Interpreter Seismic Detector Improved Light Armor Plating Peak State ------------ > --- POWER ------------ Light Ion Engine Light Deuterium Engine > --- PROPULSION ------- Light Treads Light Treads Armored Treads > --- UTILITY ---------- Large Storage Unit Signal Interpreter Light Armor Plating > --- WEAPON ----------- Light Assault Rifle Heavy Assault Rifle > --- INVENTORY -------- Light Deuterium Engine Light Nuclear Core Heat Sink Small Storage Unit Trap Scanner Improved Signal Interpreter Seismic Detector Salvage Targeting Computer Improved Light Armor Plating Small Laser [Rating: 17] Favorites ----------- Power Ion Engine Engine Ion Engine Power Core Light Nuclear Core Propulsion Light Treads Treads Light Treads Leg Aluminum Leg Utility Large Storage Unit Device Heat Sink Storage Large Storage Unit Processor Signal Interpreter Protection Light Armor Plating Weapon Light Assault Rifle Energy Gun Pulse Rifle Ballistic Gun Light Assault Rifle Ballistic Cannon Improved Light Cannon Slashing Weapon Mining Claw Build | -11 -10 -9 -9 -8 ------- Run | Yrd Mat Mat Sto Mat Slots Evolved 4 | . . 2 . 2 Power 1 | . . . . 1 Propulsion 2 | . . 1 . 1 Utility 1 | . . 1 . . Weapon . | . . . . . Parts Attached 56 | 5 14 13 6 18 Power 12 | 1 3 2 . 6 Engine 9 | 1 2 2 . 4 Core 3 | . 1 . . 2 Reactor . | . . . . . Propulsion 22 | 2 5 7 3 5 Treads 13 | 2 3 3 1 4 Leg 9 | . 2 4 2 1 Wheel . | . . . . . Hover . | . . . . . Flight . | . . . . . Utility 12 | 1 4 2 1 4 Device 3 | . 1 . 1 1 Storage 4 | 1 2 . . 1 Processor 2 | . 1 1 . . Hackware . | . . . . . Protection 3 | . . 1 . 2 Artifact . | . . . . . Weapon 10 | 1 2 2 2 3 Energy Gun 3 | . . . . 3 Energy Cannon . | . . . . . Ballistic Gun 4 | 1 1 . 2 . Ballistic Cannon 2 | . . 2 . . Launcher . | . . . . . Special Weapon . | . . . . . Impact Weapon . | . . . . . Slashing Weapon 1 | . 1 . . . Piercing Weapon . | . . . . . Special Melee Weapon . | . . . . . Unidentified Prototypes . | . . . . . Parts Lost 31 | . 5 6 5 15 Power 6 | . 1 1 1 3 Propulsion 14 | . 2 5 2 5 Utility 3 | . . . 1 2 Weapon 8 | . 2 . 1 5 Highest Loss Streak 6 | . 3 4 4 6 To Critical Strikes 1 | . . . 1 . Average Slot Usage (%) 74 | . 87 80 77 61 Engine 9 | . 12 6 7 9 Core 1 | . . 2 . 1 Treads 12 | . 25 1 11 7 Leg 7 | . 1 21 4 7 Device 4 | . 5 . 7 4 Storage 11 | . 14 11 11 8 Processor 9 | . 6 20 11 5 Protection 1 | . . . 3 2 Energy Gun 1 | . . . . 5 Ballistic Gun 10 | . 18 . 13 8 Ballistic Cannon 2 | . . 9 6 . Slashing Weapon 1 | . 1 6 . . Peak Build Rating 17 | 5 8 13 12 17 Average Rating 9 | 3 6 10 9 11 On Entrance 6 | . 5 8 12 9 Naked Turns 10 | . . . . 10 Heaviest Build 48 | 11 48 38 38 40 Greatest Support 60 | 40 40 40 40 60 Greatest Overweight (x) 10 | . 1 7 10 9 Average Overweight (x) . | . . . . . Largest Inventory Capacity 20 | 8 20 15 15 15 Average Capacity 13 | 6 13 15 15 13 Most Carried 13 | 3 10 13 8 11 Average Carried 7 | 1 7 8 6 7 Final Capacity 15 | 8 15 15 15 5 Final Carried 8 | 2 7 8 8 3 Class Distribution -------------------- 54% | Mutant 45% | Scavenger-Mutant Dominant Class ---------------- Mutant | -10/Materials Scavenger-Mutant | -9/Materials Scavenger-Mutant | -9/Storage Scavenger-Mutant | -8/Materials Resources | -11 -10 -9 -9 -8 ----------- Run | Yrd Mat Mat Sto Mat Matter Collected 1155 | 174 245 223 276 237 Remotely . | . . . . . Salvage Created 1786 | . 325 339 472 650 Parts 109 | . 23 19 29 38 Haulers Intercepted . | . . . . . Recyclers Shooed 1 | . . . . 1 Parts Field Recycled . | . . . . . Retrieved Matter . | . . . . . Parts Self-Destructed . | . . . . . Prevented . | . . . . . Kills | -11 -10 -9 -9 -8 ------- Run | Yrd Mat Mat Sto Mat Combat Hostiles Destroyed 48 | . 10 8 12 18 Melee 4 | . 1 3 . . Guns 25 | . 8 . 5 12 Cannons 12 | . . 5 7 . AOE 6 | . 1 . . 5 Classes Destroyed 6 | . 3 1 1 1 Worker 2 | . . . 1 1 Watcher 4 | . 1 . 1 2 Swarmer 9 | . 3 . . 6 Grunt 31 | . 7 5 10 9 Duelist 1 | . . . . 1 Sentry 7 | . . 3 2 2 Best Kill Streak 8 | . 3 4 8 7 Combat Bots Only 7 | . 3 4 7 7 Max Kills in Single Turn 5 | . 1 1 1 5 Gunslinging . | . . . . . Exploded 5 | . 1 . . 5 Melee 1 | . 1 1 . . Uniques/NPCs Destroyed . | . . . . . Combat | -11 -10 -9 -9 -8 -------- Run | Yrd Mat Mat Sto Mat Hostile Shots Fired 517 | . 98 91 84 244 Missed 140 | . 23 30 17 70 Damage Taken 5272 | . 1015 850 909 2498 Core 1196 | . 245 274 120 557 Absorbed by Shields . | . . . . . Core Remaining (%) 34 | 100 2 . 1 . Volleys Fired 170 | . 45 12 35 78 Largest 2 | . 2 2 2 2 Hottest 105 | . 40 78 78 105 Shots Fired 289 | . 76 24 68 121 Gun 230 | . 76 . 33 121 Cannon 59 | . . 24 35 . Launcher . | . . . . . Special . | . . . . . Kinetic 228 | . 76 24 68 60 Thermal 61 | . . . . 61 Explosive . | . . . . . Electromagnetic . | . . . . . Robot Hit Streak 17 | . 17 2 6 7 Robot Miss Streak 8 | . 3 4 4 8 Penetration Max . | . . . . . Secondary Targets 4 | . 1 . . 3 Max Gunslinging Chain 1 | . 1 . . 1 Shots Hit Robots 209 | . 60 23 41 85 Core Hits 98 | . 21 10 19 48 Critical Kills 1 | . 1 . . . Critical Parts Destroyed 2 | . 1 . 1 . Critical Strikes 8 | . 2 1 2 3 Burn 3 | . . . . 3 Destroy 3 | . 2 . 1 . Blast 2 | . . 1 1 . Melee Attacks 28 | . 8 20 . . Impact . | . . . . . Slashing 28 | . 8 20 . . Piercing . | . . . . . Sneak Attacks . | . . . . . Combat Hostiles . | . . . . . Follow-up Attacks . | . . . . . Damage Inflicted 3482 | . 609 512 756 1605 Guns 1761 | . 465 . 243 1053 Cannons 739 | . . 226 513 . Explosions 541 | . . . . 541 Melee 430 | . 144 286 . . Ramming 11 | . . . . 11 Kinetic 1903 | . 465 226 756 456 Thermal 597 | . . . . 597 Explosive 541 | . . . . 541 Electromagnetic . | . . . . . Impact . | . . . . . Slashing 430 | . 144 286 . . Piercing . | . . . . . Highest Corruption 1 | . 1 . . . Average Corruption 1 | . 1 . . . Corruption Purged . | . . . . . Corruption Blocked . | . . . . . Effects 1 | . 1 . . . Heat Flow Errors 1 | . 1 . . . Overload Shots . | . . . . . Overflow Damage 27 | . . . 2 25 Projectiles 2 | . . . 2 . Explosions 25 | . . . . 25 Melee . | . . . . . Knockbacks 2 | . . 1 1 . Impact . | . . . . . Kinetic 2 | . . 1 1 . Secondary . | . . . . . Self-Inflicted Damage 113 | . . . . 113 Shots 2 | . . . . 2 Rammed 2 | . . . . 2 Targets Rammed 2 | . . . . 2 Kicked . | . . . . . Crushed . | . . . . . Highest Temperature 455 | . 249 54 455 171 Average Temperature 84 | . 86 18 201 34 Received Heat Transfer 2328 | . 393 438 498 999 Effects 5 | . . . 5 . Shutdowns 2 | . . . 2 . Interference 1 | . . . 1 . Matter Decay 2 | . . . 2 . Siege Activations . | . . . . . Robots Corrupted . | . . . . . Combat Hostiles . | . . . . . Parts Fried . | . . . . . Impact Corruptions . | . . . . . Robots Melted 1 | . . . . 1 Combat Hostiles 1 | . . . . 1 Parts Melted . | . . . . . Heat Transferred 1418 | . . . . 1418 Parts Sabotaged . | . . . . . Parts Stolen . | . . . . . Parts Stripped . | . . . . . Power Chain Reactions . | . . . . . Alert | -11 -10 -9 -9 -8 ------- Run | Yrd Mat Mat Sto Mat Peak Influence 356 | . 165 189 214 356 Initial 70 | . . 12 . 70 Average 109 | . 52 43 111 186 Maximum Alert Level 1 | . . . 1 1 Low Security (%) 79 | 100 100 100 77 56 Level 1 20 | . . . 22 43 Level 2 . | . . . . . Level 3 . | . . . . . Level 4 . | . . . . . Level 5 . | . . . . . High Security . | . . . . . Max Security . | . . . . . Squads Dispatched 7 | . 1 1 3 2 Investigation 3 | . 1 . 1 1 Extermination . | . . . . . Reinforcement 4 | . . 1 2 1 Assault . | . . . . . Garrison . | . . . . . Intercept . | . . . . . Searches Triggered . | . . . . . Construction Impeded . | . . . . . Haulers Reinforced . | . . . . . Active Scanning Responses . | . . . . . Cargo Convoy Interrupts . | . . . . . Stealth | -11 -10 -9 -9 -8 --------- Run | Yrd Mat Mat Sto Mat Distress Signals 9 | . . 3 1 5 Communications Jammed . | . . . . . Distress Signals . | . . . . . Times Spotted 74 | . 14 9 19 32 Peak Tracking Total 9 | . 4 5 8 9 Tactical Retreats 8 | . 3 . 1 4 Traps | -11 -10 -9 -9 -8 ------- Run | Yrd Mat Mat Sto Mat Traps Triggered 5 | . 2 . 2 1 Indirectly . | . . . . . Trap Hack Attempts . | . . . . . Triggered . | . . . . . Disarmed . | . . . . . Reprogrammed . | . . . . . Reused . | . . . . . Traps Extracted . | . . . . . Installed . | . . . . . Triggered . | . . . . . Machines | -11 -10 -9 -9 -8 ---------- Run | Yrd Mat Mat Sto Mat Machines Disabled 3 | . . . . 3 Max in Single Turn 2 | . . . . 2 Machines Repaired . | . . . . . Machines Dismantled . | . . . . . Machines Sabotaged . | . . . . . Overloaded Fab Kills . | . . . . . Hacking | -11 -10 -9 -9 -8 --------- Run | Yrd Mat Mat Sto Mat Machines Accessed 2 | . 1 . 1 . Terminals 2 | . 1 . 1 . Fabricators . | . . . . . Repair Stations . | . . . . . Recycling Units . | . . . . . Scanalyzers . | . . . . . Garrison Access . | . . . . . Total Hacks 3 | . 2 . 1 . Successful 1 | . 1 . . . Failed 2 | . 1 . 1 . Catastrophic . | . . . . . Database Lockouts . | . . . . . Manual . | . . . . . Terminals 3 | . 2 . 1 . Fabricators . | . . . . . Repair Stations . | . . . . . Recycling Units . | . . . . . Scanalyzers . | . . . . . Garrison Access . | . . . . . Terminal Hacks 1 | . 1 . . . Alert Level 1 | . 1 . . . Fabricator Hacks . | . . . . . Repair Station Hacks . | . . . . . Recycling Unit Hacks . | . . . . . Scanalyzer . | . . . . . Garrison Access Hacks . | . . . . . Unauthorized Hacks . | . . . . . Terminals . | . . . . . Fabricators . | . . . . . Repair Stations . | . . . . . Recycling Units . | . . . . . Scanalyzers . | . . . . . Garrison Access . | . . . . . Data Cores Recovered . | . . . . . Used . | . . . . . Hacking Detections 1 | . . . 1 . Full Trace Events . | . . . . . Feedback Events . | . . . . . Feedback Blocked . | . . . . . Robot Schematics Acquired . | . . . . . Robots Built . | . . . . . Authchips . | . . . . . Time . | . . . . . Total Robot Build Rating . | . . . . . Part Schematics Acquired . | . . . . . Parts Built . | . . . . . Authchips . | . . . . . Time . | . . . . . Total Part Build Rating . | . . . . . Parts Repaired . | . . . . . Time . | . . . . . Parts Recycled . | . . . . . Recycled Matter . | . . . . . Retrieved Matter . | . . . . . Retrieved Components . | . . . . . Parts Scanalyzed . | . . . . . Part Schematics Acquired . | . . . . . Parts Damaged . | . . . . . Bothacking | -11 -10 -9 -9 -8 ------------ Run | Yrd Mat Mat Sto Mat Used RIF Installer . | . . . . . Robots Hacked . | . . . . . Non-combat . | . . . . . Combat . | . . . . . Robot Hacks Applied . | . . . . . Relay Couplers Released . | . . . . . Fabnet Peak Effective % . | . . . . . Robots Rewired . | . . . . . Allies Hacked . | . . . . . Hacks Repelled . | . . . . . Allies | -11 -10 -9 -9 -8 -------- Run | Yrd Mat Mat Sto Mat Total Allies . | . . . . . Largest Group . | . . . . . Highest-Rated Group . | . . . . . Highest-Rated Ally . | . . . . . Total Orders . | . . . . . Ally Attacks . | . . . . . Total Damage . | . . . . . Kills . | . . . . . Allies Corrupted . | . . . . . Allies Melted . | . . . . . Intel | -11 -10 -9 -9 -8 ------- Run | Yrd Mat Mat Sto Mat Robot Analysis Total . | . . . . . Derelict Logs Recovered . | . . . . . Drone Launches . | . . . . . Drone Recoveries . | . . . . . Exploration | -11 -10 -9 -9 -8 ------------- Run | Yrd Mat Mat Sto Mat Turns Passed 3426 | 63 914 528 699 1222 Spaces Moved 1456 | 36 405 222 278 515 Core 39 | 5 . 1 2 31 Treads 835 | 31 376 22 198 208 Legs 582 | . 29 199 78 276 Wheels . | . . . . . Hover . | . . . . . Flight . | . . . . . Fastest Speed 50 | 50 160 120 160 50 Average Speed 177 | 144 176 167 201 172 Slowest Speed 550 | 160 240 400 550 500 Overloaded Moves . | . . . . . Propulsion Burnouts . | . . . . . Robots Hopped . | . . . . . Cave-ins Triggered . | . . . . . Exploration Rate (%) 32 | 4 59 19 51 31 Regions Visited 4 Branch Regions 1 Pre-discovered Areas . | . . . . . Known Exits Taken 3 | . 1 1 1 . Unknown Exits Taken 1 | 1 . . . . Scrap Searched . | . . . . . Spaces Dug . | . . . . . Terrain Destroyed 44 | . . . 2 42 Melee . | . . . . . Projectile 2 | . . . 2 . AOE 42 | . . . . 42 Terrain Rammed . | . . . . . Walls Destroyed . | . . . . . Machines Disabled . | . . . . . Actions | -11 -10 -9 -9 -8 --------- Run | Yrd Mat Mat Sto Mat Total 1976 | 47 527 316 353 733 Wait 189 | . 37 30 27 95 Move 1452 | 35 404 221 277 515 Hop . | . . . . . Pick Up 58 | 7 15 14 6 16 Fast Attach . | . . . . . Attach 43 | 5 6 10 5 17 Detach 1 | . . 1 . . Swap 13 | . 8 3 1 1 Drop 20 | . 4 5 2 9 Fire 170 | . 45 12 35 78 Melee 28 | . 8 20 . . Ram . | . . . . . Kick . | . . . . . Crush 2 | . . . . 2 Escape Stasis . | . . . . . Rewire . | . . . . . Trap . | . . . . . Miscellaneous . | . . . . . Route ------- -11/Scrapyard -10/Materials -9/Materials (discovered 2 exits: *Min / *Sto) -9/Storage -8/Materials (discovered 1 exit: [*Fac]) History --------- Turn | Location | Event 8 | -11/Scrapyard | Discovered new exit (range 14) 64 | -11/Scrapyard | Entered Materials 306 | -10/Materials | Build established: Mutant 587 | -10/Materials | Discovered new exit (range 11) 601 | -10/Materials | Identified exit to Materials 753 | -10/Materials | Core integrity fell below 50% 905 | -10/Materials | Core integrity fell below 20% 929 | -10/Materials | Lost 3 parts (1p1n1w) 978 | -10/Materials | Entered another Materials area 978 | -9/Materials | Evolved 2 slots: Propulsion x1, Utility x1 1161 | -9/Materials | Core integrity fell below 50% 1193 | -9/Materials | Lost 4 parts (1p3n) 1420 | -9/Materials | Discovered new exit (range 7) 1432 | -9/Materials | Identified exit to Mines 1456 | -9/Materials | Discovered new exit (range 10) 1480 | -9/Materials | Identified exit to Storage 1501 | -9/Materials | Build established: Scavenger-Mutant 1506 | -9/Materials | Entered Storage 1691 | -9/Storage | Core integrity fell below 20% 1732 | -9/Storage | Destroyed 7 combat bots 1740 | -9/Storage | Lost 4 parts (2n1u1w) 2185 | -9/Storage | Discovered new exit (range 8) 2202 | -9/Storage | Identified exit to Materials 2205 | -9/Storage | Entered Materials 2205 | -8/Materials | Evolved 2 slots: Power x1, Propulsion x1 2851 | -8/Materials | Destroyed 7 combat bots 2861 | -8/Materials | Lost 6 parts (1p2n1u2w) 3033 | -8/Materials | Lost 3 parts (1p2w) 3077 | -8/Materials | Core integrity fell below 50% 3132 | -8/Materials | Build established: Mutant 3146 | -8/Materials | Core integrity fell below 20% 3299 | -8/Materials | Discovered new exit (range 16) 3427 | -8/Materials | Destroyed by Y-45 Defender with Heavy Assault Rifle Last Messages --------------- 03169_ G-47 Trooper overheating. 03171_ G-47 Trooper heat damages Aluminum Leg, Aluminum Leg, Particle Gun, Lgt. Nuclear Core. 03178_ G-47 Trooper overheating. 03183_ G-47 Trooper heat damages Particle Gun, Aluminum Leg, Lgt. Nuclear Core. 03183_ G-47 Trooper overheating. 03186_ G-47 Trooper heat damages Imp. Heat Sink. 03186_ G-47 Trooper destroyed. 03193_ Acquired 30 matter. 03195_ Acquired 13 matter. 03245_ K-01 Serf suffers critical hit (Burn). 03247_ K-01 Serf destroyed. 03299_ EXIT=FOUND 03303_ Acquired Nuclear Core. 03413_ VSS Leg destroyed. 03423_ Pulse Rifle destroyed. 03426_ Dropped Sml. Storage Unit. 03427_ Dropped Trap Scanner. 03427_ Dropped Nuclear Core. Map ----- +----------------------------------------------------+ | ????????????? ???????????????????????????????????? | | ????????????? ???????????????????????????????????? | | ????????????# #??????????????????????????????????? | | ????????????# #??????????????????????????????????? | | ????????????# #??????????????????????????????????? | | ????????????# #??????????????????????????????????? | | ????????????# #??????????????????????????????????? | | ????????????# #??????????????????????????????????? | | ############# #######????????????????????????????? | | #????????????????????????????? | | % #????????????????????????????? | | "" #????????????????????????????? | | ######+### "Y +????????????????????????????? | | #?? # "" #???????????###########??????? | | #??""%!# #???????????# #??????? | | #?"T" # #???????????# #??????? | | ""#? # #???????????# #??????? | | ""# ! # """ #???????????# #??????? | | T"# # """ #???????????# #??????? | | ""##+##### """ #???????????# #??????? | | ""#??????# #???????????# #??????? | | #??#???# #???????????# ! #??????? | | #### ##### #################+############ | | a k | | #### ######### | | #??# *@! #???????? | | ###########+#???# ###+##################???????? | | !#????????????# #? ????????????????????????? | | #????????????# < #? ????????????????????????? | | #????????????# # " "???????????????????????? | | #????????????#####! "R"???????????????????????? | | #????????????????# """ ??????????????????????? | | #????????????????# ??????????????????????? | | ! #????????????????########?????????????????????? | | ####?????????????????????????????????????????????? | | | | | | | | | | | | | | | | | | | | | | | | | | | | | | | +----------------------------------------------------+ Best States ------------- Heat Dissipation 41 Energy Generation 19 Energy Capacity 400 Matter Stores 300 Matter Capacity 300 Sight Range 18 Terrain Scan Density 10 Armor Coverage 600 Evasion (%) 57 Recoil Reduction 3 Item Schematics ----------------- None Robot Schematics ------------------ None Fabricated ------------ Nothing Alien Tech Used ----------------- None Achievements -------------- Quick And Dirty Challenges ------------ None Game ------ Seed HugeSubdwellerRigger Manual? 0 Play Time 00:52:40 Cumulative 4.0 hours Start 2024.11.20 @ 00:35:51 End 2024.11.20 @ 01:30:26 Sessions 1 Manual Loads 0 Difficulty Rogue Special Mode None Game No. 6 Rogue 6 Adventurer 0 Explorer 0 Win Type - Total 0 Types 0/0/0/0/0/0/0/0/0 Lore% 0 Gallery% 9 Achievement% 9 Wizard Run 0 Options --------- Layout 1 ASCII 0 Keyboard 0 Movement Mouse Keybinds 0 Fullscreen 1 Font 16/SmallcapsGlow Map View 55x38 Zoom Use 15% Tactical HUD 1 Map Filters NONE Filters NONE Steam 1 RUN: b97f3a05-1158-49e6-a549-ec87a1b82925